 Dungeon Crawl Stone Soup version 0.31-a0-801-gc67433417a (webtiles) character file.

Game seed: 11049651607389102038

4465 Ivernyr the Carver (level 10, 0/53 HPs)
             Began as a Vine Stalker Gladiator on Sept 20, 2023.
             Was a Believer of Wu Jian.
             Slain by a gargoyle
             ... wielding a +0 morningstar
              (4 damage)
             ... on level 9 of the Dungeon.
             The game lasted 00:15:53 (6375 turns).

Ivernyr the Carver (Vine Stalker Gladiator)         Turns: 6375, Time: 00:15:54

Health: 0/53       AC:  9    Str: 17    XL:     10   Next: 37%
Magic:  0/11       EV: 20    Int:  8    God:    Wu Jian [**....]
Gold:   358        SH:  0    Dex: 20    Spells: 9/9 levels left

rFire   . . .        a - +4 scimitar (freeze)
rCold   . . .        (no shield)
rNeg    + + .        b - +2 leather armour {rN+}
rPois   .            c - +0 helmet
rElec   .            v - +0 cloak
rCorr   .            r - +0 pair of gloves
SInv    .            (no boots)
Will    +....        (no amulet)
Stlth   +            j - +5 ring of evasion
HPRegen 1.08/turn    k - ring of positive energy
MPRegen 0.12/turn

%: guardian spirit
@: no status effects
A: fangs 3, regeneration 1, magic shield, antimagic bite, no potion heal 2
a: Renounce Religion, Wall Jump


You were on level 9 of the Dungeon.
You worshipped Wu Jian.
Wu Jian was pleased with you.
You visited 2 branches of the dungeon, and saw 10 of its levels.

You collected 358 gold pieces.

Inventory:

Hand Weapons
 a - a +4 scimitar of freezing (weapon)
Missiles
 d - 3 throwing nets (quivered)
 e - 14 javelins
Armour
 b - a +2 leather armour of positive energy (worn)
 c - a +0 helmet (worn)
 r - a +0 pair of gloves (worn)
 v - a +0 cloak (worn)
Jewellery
 j - a +5 ring of evasion (left hand)
 k - a ring of positive energy (right hand)
 x - a ring of flight
Wands
 m - a wand of flame (26)
Scrolls
 f - 3 scrolls of immolation {unknown}
 g - a scroll of silence {unknown}
 i - 7 scrolls of teleportation {unknown}
 n - 3 scrolls of revelation {unknown}
 p - a scroll of vulnerability {unknown}
 s - 6 scrolls of identify {unknown}
 t - 2 scrolls of torment {unknown}
 u - 2 scrolls of amnesia {unknown}
 w - 2 scrolls of enchant armour {unknown}
 y - a scroll of brand weapon {unknown}
 z - 3 scrolls of poison {unknown}
 B - a scroll of fog {unknown}
 E - 2 scrolls of blinking {unknown}
 H - a scroll of acquirement {unknown}
 I - a scroll of fear {unknown}
Potions
 h - 3 potions of magic {unknown}
 l - 3 potions of heal wounds {unknown}
 o - 4 potions of brilliance {unknown}
 q - 3 potions of haste {unknown}
 A - 2 potions of mutation {unknown}
 C - 2 potions of attraction {unknown}
 D - a potion of lignification {unknown}
 F - a potion of degeneration {unknown}
 G - 2 potions of might {unknown}
 J - a potion of invisibility {unknown}


   Skills:
 + Level 6.3 Fighting
 * Level 9.1 Long Blades
 - Level 1.7 Throwing
 + Level 5.3 Armour
 + Level 6.1 Dodging


You had 9 spell levels left.
You didn't know any spells.
Your spell library contained the following spells:

 Spells                   Type           Power      Damage    Failure   Level
 Foxfire                  Conj/Fire      0%         2x1d4     45%         1
 Magic Dart               Conj           0%         1d3       45%         1
 Stone Arrow              Conj/Erth      0%         3d7       83%         3
 Summon Guardian Golem    Hex/Summ       0%         N/A       83%         3
 Volatile Blastmotes      Fire/Tloc      0%         2d10      83%         3
 Fulminant Prism          Conj/Hex       0%         3d5       99%         4
 Iskenderun's Mystic Bla  Conj/Tloc      0%         2d3       99%         4
 Enfeeble                 Hex            0%         N/A       100%        7
 Malign Gateway           Summ/Tloc      0%         N/A       100%        7
 Orb of Destruction       Conj           0%         9d5       100%        7
 Spellforged Servitor     Conj/Summ      0%         N/A       100%        7
 Summon Horrible Things   Summ           0%         N/A       100%        8


Dungeon Overview and Level Annotations

Branches:
Dungeon (9/15)             Temple (1/1) D:6
   Lair: D:8-11         Orc: D:9-12

Altars:
Ashenzari
Cheibriados
Dithmenos
Elyvilon
Fedhas
Gozag
Hepliaklqana
Kikubaaqudgha
Nemelex Xobeh
Okawaru
Qazlal
Ru
Trog
Uskayaw
Vehumet
Wu Jian
Zin
The Shining One


Innate Abilities, Weirdness & Mutations

You have razor-sharp teeth.
Your natural rate of healing is unusually fast.
When hurt, damage is shared between your health and your magic reserves.
Your bite disrupts and absorbs the magic of your enemies.
Potions cannot restore your health.


Message History

You see here a +2 leather armour of positive energy.
b - a +2 leather armour of positive energy You start putting on your armour.
You continue putting on your +2 leather armour of positive energy. x4
You finish putting on your +2 leather armour of positive energy.
You feel more protected from negative energy.
You see here 3 stones.
You open the door.
A gargoyle comes into view. It is wielding a +0 morningstar.
Found a falchion.
There is an open door here.
The gargoyle hurls a stone arrow at you.
The stone arrow hits you!
Found a robe.
The gargoyle hurls a stone arrow at you.
The stone arrow misses you.
You lunge at the gargoyle.
You slash the gargoyle! You freeze the gargoyle. Your bite misses the gargoyle.
The gargoyle is heavily damaged.
The gargoyle hits you with a +0 morningstar!
You spin and attack the gargoyle.
You hit the gargoyle but do no damage.
You bite the gargoyle, but do no damage.
The gargoyle is heavily damaged.
The gargoyle hits you with a +0 morningstar!
You spin and attack the gargoyle.
You hit the gargoyle but do no damage.
The gargoyle is heavily damaged.
The gargoyle hurls a stone arrow at you.
The stone arrow hits you!!
You spin and attack the gargoyle.
You hit the gargoyle but do no damage.
You bite the gargoyle, but do no damage.
The gargoyle is heavily damaged.
The gargoyle hurls a stone arrow at you.
The stone arrow hits you!!
* * * LOW HITPOINT WARNING * * *
You spin and attack the gargoyle.
You hit the gargoyle. You freeze the gargoyle.
You bite the gargoyle, but do no damage.
The gargoyle is severely damaged.
The gargoyle hits you with a +0 morningstar.
You die...

#.## #.# ##...###### #.#
#.........# ######.##
#.........# #.......#
#..)......######.......#
#[........##...........#
#.........##(###......[.
#.........#..# #.......#
#.....9@..'.## #.......#
#.........### #.......#
#.........# #.......#
########### #########


You could see a gargoyle.

Vanquished Creatures
  Sigmund (D:3)
  A wraith (D:9)
  A steam dragon (D:6)
  2 black bears
  A sky beast (D:7)
  4 orc warriors
  2 ice beasts
  2 centaurs
  2 ogres (D:4)
  3 phantoms
  2 kobold brigands
  A gnoll sergeant (D:7)
  4 bullfrogs
  4 scorpions
  13 wights (D:8)
  2 howler monkeys (D:9)
  5 hounds
  2 jellies
  3 gnoll boudas
  7 orc priests
  3 iguanas
  A sleepcap (D:8)
  5 orc wizards
  25 gnolls
  7 adders
  2 ufetubi (D:5)
  4 worms
  3 dart slugs
  41 orcs
  6 bats
  3 endoplasms
  A giant cockroach (D:1)
  10 goblins
  11 hobgoblins
  17 kobolds
  3 quokkas
  6 ball pythons
  6 frilled lizards
  4 rats
220 creatures vanquished.

Notes
Turn   | Place    | Note
-------+----------+-------------------------------------------
     0 | D:1      | Ivernyr the Vine Stalker Gladiator began the quest for the
                  | Orb.
     0 | D:1      | Reached XP level 1. HP: 11/11 MP: 2/2
    94 | D:1      | Reached XP level 2. HP: 15/15 MP: 3/3
   198 | D:1      | Reached skill level 3 in Long Blades
   667 | D:1      | Reached XP level 3. HP: 18/18 MP: 2/4
  1039 | D:2      | Reached skill level 1 in Armour
  1392 | D:3      | Reached XP level 4. HP: 19/23 MP: 2/5
  1431 | D:3      | Noticed a scorpion
  1446 | D:3      | Killed a scorpion
  1477 | D:3      | Noticed Sigmund
  1491 | D:3      | Killed Sigmund
  1492 | D:3      | Reached skill level 4 in Long Blades
  1492 | D:3      | Reached XP level 5. HP: 28/28 MP: 6/6
  1492 | D:3      | Reached XP level 6. HP: 32/32 MP: 7/7
  2345 | D:4      | Got a decrepit book
  2456 | D:4      | Reached XP level 7. HP: 36/36 MP: 8/8
  2471 | D:4      | Reached skill level 5 in Long Blades
  3005 | D:5      | Entered Level 5 of the Dungeon
  3021 | D:4      | Gained mutation: You have razor-sharp teeth. [Vine Stalker
                  | growth]
  3021 | D:4      | Reached XP level 8. HP: 38/42 MP: 9/9
  3170 | D:5      | Reached skill level 6 in Long Blades
  3245 | D:5      | Found a shadowy altar of Dithmenos.
  4127 | D:6      | Reached skill level 7 in Long Blades
  4127 | D:6      | Reached XP level 9. HP: 45/46 MP: 8/10
  4181 | D:6      | Reached skill level 5 in Fighting
  4190 | D:6      | Reached skill level 5 in Dodging
  4227 | D:6      | Found a hide-covered altar of Uskayaw.
  4335 | D:6      | Found a staircase to the Ecumenical Temple.
  4342 | Temple   | Entered the Ecumenical Temple
  4350 | Temple   | Became a worshipper of the Wu Jian Council
  4787 | D:7      | Reached skill level 8 in Long Blades
  4893 | D:7      | Reached * piety under Wu Jian
  5359 | D:8      | Reached XP level 10. HP: 28/53 MP: 11/11
  5402 | D:8      | Reached skill level 5 in Armour
  5868 | D:8      | Reached ** piety under Wu Jian
  6009 | D:8      | Reached skill level 9 in Long Blades
  6367 | D:9      | Noticed a gargoyle
  6375 | D:9      | Slain by a gargoyle

Illustrated notes

Levels and vault maps discovered:
D:1:      tarquinn_simple_flora_water_b, layout_loops_corners
D:2:      layout_rooms, serial_glass, glass_columns_b, glass_columns_c
D:3:      layout_loops_corners, uniq_sigmund
D:4:      layout_loops_ring
D:5:      layout_loops_cross, nicolae_dithmenos_the_darkroom, serial_glass,
          glass_columns_c, glass_columns_b
D:6:      layout_gridville, eat_drink_and_be_merry_uskayaw, temple_green,
          nrook_mini_backslash, skrybe_limestone_x
D:7:      layout_cave_pools
D:8:      layout_loops_corners, nicolae_sextant
D:9:      layout_roguey [special_room_kobold], minmay_lizard_king
Temple:   eino_temple_rhombus

Skill      XL: |  1  2  3  4  5  6  7  8  9 10 |
---------------+-------------------------------+-----
Fighting       | 2 3 4 5 6 |  6.3
Long Blades    | 3 4 5 7 8 9 |  9.1
Armour         | 1 2 3 4 5 |  5.3
Dodging        | 3 4 5 6 |  6.1
Throwing       | |  1.7

Action                     |  1- 3 |  4- 6 |  7- 9 | 10-12 || total
---------------------------+-------+-------+-------+-------++-------
  Melee: Long sword        |   113 |    94 |   484 |    39 ||   730
         Bite              |    25 |    26 |   155 |    38 ||   244
         Punch             |     1 |     2 |     7 |     1 ||    11
         Scimitar          |       |       |       |    53 ||    53
Ability: Whirlwind         |       |       |    71 |    23 ||    94
         Lunge             |       |       |     9 |     9 ||    18
   Stab: Sleeping          |     4 |     1 |       |       ||     5
         Distracted        |       |       |     1 |       ||     1
 Armour: Leather armour    |    52 |    40 |   241 |    31 ||   364
  Dodge: Dodged            |    84 |    75 |   545 |    54 ||   758

Table legend: (Time is in decaauts)
 A = Elapsed time spent in this place.
 B = Non-inter-level travel time spent in this place.
 C = Inter-level travel time spent in this place.
 D = Time resting spent in this place.
 E = Time spent auto-exploring this place.
 F = Levels seen in this place.
 G = Mean time per level.
                   A        B        C        D        E       F      G
               +--------+--------+--------+--------+--------+-----+--------+
         Total |   6443 |   6157 |    286 |     14 |   4466 |  10 |  644.3 |
       Dungeon |   6429 |   6143 |    286 |     14 |   4466 |   9 |  714.3 |
        Temple |     14 |     14 |      0 |      0 |      0 |   1 |   14.0 |
               +--------+--------+--------+--------+--------+-----+--------+

Top non-repeatable levels by time:
     D:8: 1034 daAuts
     D:3: 930 daAuts
     D:1: 896 daAuts
     D:5: 842 daAuts
     D:6: 822 daAuts
     D:4: 777 daAuts
     D:7: 578 daAuts
     D:2: 466 daAuts
     D:9: 80 daAuts
  Temple: 14 daAuts
